 Dungeon Sprint DCSS version 0.31.0-32-g396128a36d (webtiles) character file.

Game seed: 2690433296276429884

193037 BigDaddyOpFi the Axe Maniac (level 27, -3/273 HPs)
             Began as a Hill Orc Fighter on Mar 12, 2024.
             Was the Champion of Qazlal.
             Slain by Gimyanes the pandemonium lord (5 damage)
             ... in the Dungeon (Sprint VI: "Thunderdome").
             The game lasted 00:52:08 (6803 turns).

BigDaddyOpFi the Axe Maniac (Hill Orc Fighter)      Turns: 6803, Time: 00:52:09

Health: -3/273     AC: 74    Str: 39    XL:     27
Magic:  0/58       EV: 19    Int:  8    God:    Qazlal [******]
Gold:   10452      SH:  8    Dex: 14    Spells: 26/26 levels left

rFire   + + +        M - +9 broad axe (vamp)
rCold   + + .        W - orb of Dispater {+Damnation *Corrode AC+5}
rNeg    + + +        b - +14 crystal plate armour
rPois   +            c - +2 helmet of Raluzxur {^Drain rPois rN++ Will+}
rElec   +            T - +4 dragonskin cloak
rCorr   +            C - +2 pair of gloves "Tunigaer" {rPois rC+ Will+}
SInv    .            A - +0 pair of boots of Beogh's Inspiration {MP+9 Slay+3}
Will    ++++.        p - amulet "Uneehos" {Acrobat Dex+4} Stlth
                     J - ring of Eschorish {rElec rF+ MP+9 Str+6}
HPRegen 0.65/turn    y - ring "Nucurgho" {rF+ rN+ AC+4}
MPRegen 0.36/turn

%: no teleportation, corrode self (3%), repel missiles, acrobat, clarity
@: resistant, protected from physical damage, slowed, studying Necromancy,
silenced, very slow
A: claws 1, clarity
}: 8/15 runes: serpentine, slimy, elven, silver, golden, iron, obsidian,
gossamer
a: Renounce Religion, Evoke Damnation


You were in the Dungeon.
You worshipped Qazlal.
Qazlal was exalted by your worship.
You visited 1 branch You collected 30770 gold pieces.
You spent 20318 gold pieces at shops.

Inventory:

Hand Weapons
 d - a +8 broad axe of venom
 M - a +9 vampiric broad axe (weapon)
Missiles
 D - 19 atropa-tipped darts (quivered)
Armour
 b - a +14 crystal plate armour (worn)
 c - the +2 helmet of Raluzxur (worn) {^Drain rPois rN++ Will+}
   (You bought it in a shop in the Dungeon)

   rPois:     It protects you from poison rN++: It greatly protects you from
   negative energy.
   Will+:     It increases your willpower.
   ^Drain:    It drains your maximum health when unequipped.
 r - the +8 tower shield of Lethargy {rElec Regen+ Dex-3 SInv}
   (You bought it in a shop in the Dungeon)

   Dex-3:     It affects your dexterity (-3).
   rElec:     It insulates you from electricity.
   SInv:      It lets you see invisible.
   Regen+:    It increases your rate of health regeneration.
 A - the +0 pair of boots of Beogh's Inspiration (worn) {MP+9 Slay+3}
   (You bought it in a shop in the Dungeon)

   Slay+3:    It affects your accuracy & damage with ranged weapons and melee
   (+3).
   MP+9:      It affects your magic capacity (+9).
 C - the +2 pair of gloves "Tunigaer" (worn) {rPois rC+ Will+}
   (You bought it in a shop in the Dungeon)

   rC+:       It protects you from cold.
   rPois:     It protects you from poison Will+: It increases your willpower.
 T - the +4 dragonskin cloak (worn)
   (You took it off Tiamat in the Dungeon)

   Avatar's Aegis: It grants the wearer a chance to resist fire, cold, poison,
   electricity, acid, and negative energy.
 V - the +0 pair of gloves of the Armoured One {Stlth+}
   (You bought it in a shop in the Dungeon)

   Stlth+:    It makes you more stealthy.
 W - the orb of Dispater (worn) {+Damnation *Corrode AC+5}
   (You took it off Dispater in the Dungeon)

   +Damnation: It grants the ability to hurl damnation at the cost of health and
   magic, with strength depending on Evocations skill.
   AC+5:      It affects your AC (+5).
   *Corrode:  It may corrode you when you take damage.
Jewellery
 a - a +4 ring of slaying
 p - the amulet "Uneehos" (around neck) {Acrobat Dex+4}
   (You bought it in a shop in the Dungeon)

   [amulet of the acrobat]

   Acrobat:   It increases your evasion while moving and waiting.
   Dex+4:     It affects your dexterity (+4).
 x - a ring of ice
 y - the ring "Nucurgho" (right hand) {rF+ rN+ AC+4}
   (You found it in the Dungeon)

   [ring of protection]

   AC+4:      It affects your AC (+4).
   rF+:       It protects you from fire.
   rN+:       It protects you from negative energy.
 F - the ring of the Everdark {Fire +Blink rCorr MP+9}
   (You bought it in a shop in the Dungeon)

   [ring of fire]

   Fire:      It enhances your fire magic.
   rF+:       It protects you from fire.
   rC-:       It makes you vulnerable to cold.
   MP+9:      It affects your magic capacity (+9).
   +Blink:    It lets you blink.
   rCorr:     It protects you from acid and corrosion.
 H - the ring "Ceykhluomp" {Ice rCorr}
   (You bought it in a shop in the Dungeon)

   [ring of ice]

   Ice:       It enhances your ice magic.
   rF-:       It makes you vulnerable to fire.
   rC+:       It protects you from cold.
   rCorr:     It protects you from acid and corrosion.
 I - the amulet of Daot {Harm rPois Regen+ MP+9}
   (You bought it in a shop in the Dungeon)

   [amulet of regeneration]

   rPois:     It protects you from poison MP+9: It affects your magic capacity
   (+9).
   Regen+:    It increases your rate of health regeneration.
   Harm:      It increases damage dealt and taken.
 J - the ring of Eschorish (left hand) {rElec rF+ MP+9 Str+6}
   (You bought it in a shop in the Dungeon)

   [ring of strength]

   Str+6:     It affects your strength (+6).
   rF+:       It protects you from fire.
   rElec:     It insulates you from electricity.
   MP+9:      It affects your magic capacity (+9).
 K - the ring "Kavastre" {rN+ rCorr SInv}
   (You bought it in a shop in the Dungeon)

   [ring of positive energy]

   rN+:       It protects you from negative energy.
   SInv:      It lets you see invisible.
   rCorr:     It protects you from acid and corrosion.
 L - the ring of Dotepnutt {rPois rC+ Int+6}
   (You bought it in a shop in the Dungeon)

   [ring of protection from cold]

   Int+6:     It affects your intelligence (+6).
   rC+:       It protects you from cold.
   rPois:     It protects you from poison
 P - the ring of Karph {Ice +Blink Str+6 Int+2 Dex-5}
   (You bought it in a shop in the Dungeon)

   [ring of ice]

   Ice:       It enhances your ice magic.
   Str+6:     It affects your strength (+6).
   Int+2:     It affects your intelligence (+2).
   Dex-5:     It affects your dexterity (-5).
   rF-:       It makes you vulnerable to fire.
   rC+:       It protects you from cold.
   +Blink:    It lets you blink.
 Q - the ring "Riuce" {Wiz rPois rC+ Will+ Dex-2}
   (You bought it in a shop in the Dungeon)

   [ring of wizardry]

   Wiz:       It improves your spell success rate.
   Dex-2:     It affects your dexterity (-2).
   rC+:       It protects you from cold.
   rPois:     It protects you from poison Will+: It increases your willpower.
 R - the ring of Uhaoseh {MP+9 Int+2 Dex+2}
   (You bought it in a shop in the Dungeon)

   [ring of magical power]

   Int+2:     It affects your intelligence (+2).
   Dex+2:     It affects your dexterity (+2).
   MP+9:      It affects your magic capacity (+9).
 Y - the amulet of Uwuim {+Blink Regen+ Dex+3}
   (You found it in the Dungeon)

   [amulet of regeneration]

   Dex+3:     It affects your dexterity (+3).
   +Blink:    It lets you blink.
   Regen+:    It increases your rate of health regeneration.
 Z - the ring "Musira" {rPois AC+4 Str+2 Int-5 SInv}
   (You found it in the Dungeon)

   [ring of protection]

   AC+4:      It affects your AC (+4).
   Str+2:     It affects your strength (+2).
   Int-5:     It affects your intelligence (-5).
   rPois:     It protects you from poison SInv: It lets you see invisible.
Wands
 i - a wand of charming (5)
 l - a wand of light (5)
 t - a wand of polymorph (5)
 G - a wand of iceblast (6)
Scrolls
 j - 25 scrolls of blinking
 n - 3 scrolls of fog
 E - a scroll of enchant armour
Potions
 e - 23 potions of curing
 f - 23 potions of heal wounds
 g - 13 potions of haste
 h - 8 potions of magic
 z - 16 potions of berserk rage
 B - 12 potions of might
 N - 17 potions of resistance
 O - a potion of lignification
 S - 3 potions of mutation


   Skills:
 O Level 27 Fighting
 O Level 27 Axes
 - Level 17.1 Throwing
 O Level 27 Armour
 + Level 24.5 Dodging
 - Level 0.4 Stealth
 O Level 27 Shields
 O Level 27 Invocations
 O Level 27 Evocations


You had 26 spell levels left.
You didn't know any spells.
Your spell library was empty.

Dungeon Overview and Level Annotations

Branches:
Dungeon (1/1)

Altars:
Cheibriados
Dithmenos
Fedhas
Gozag
Kikubaaqudgha
Makhleb
Okawaru
Qazlal
Ru
Sif Muna
Trog
Uskayaw
Vehumet
Wu Jian
Xom
Yredelemnul
Zin
The Shining One
Beogh
Lugonu

Shops:
D [=??*?*:[((!!


Innate Abilities, Weirdness & Mutations

You have sharp fingernails.
You possess an exceptional clarity of mind.


Message History

Magic scrolls do not work when you're silenced!
You feel protected. Gimyanes punches you!
* * * LOW HITPOINT WARNING * * *
You feel more protected from physical attacks.
You feel your power leaking away. Ushad hits you but does no damage.
The Tzitzimitl engulfs you!
* * * LOW HITPOINT WARNING * * *
The Tzitzimitl misses you.
The Tzitzimitl calls on the powers of darkness!
Your body is wracked with pain!
* * * LOW HITPOINT WARNING * * *
The Hell Sentinel hits you but does no damage. x2
Gimyanes punches you but does no damage.
Ushad hits you but does no damage.
The Brimstone Fiend hits you but does no damage. x3
Girem gestures.
The Tzitzimitl is engulfed in a thunderstorm.
The Tzitzimitl engulfs you but does no damage.
The Tzitzimitl closely misses you.
The Tzitzimitl engulfs you but does no damage.
The Tzitzimitl bites you!
* * * LOW HITPOINT WARNING * * *
You feel much better. 50...
Gimyanes punches you but does no damage.
Ushad hits you but does no damage. Gimyanes punches you!
* * * LOW HITPOINT WARNING * * *
The Hell Sentinel hits you but does no damage.
The Hell Sentinel misses you.
The hell beast is engulfed in freezing vapours.
Girem blinks!
The Brimstone Fiend misses you.
The Brimstone Fiend hits you but does no damage.
The Brimstone Fiend misses you. Ushad hits you but does no damage.
The Tzitzimitl barely misses you.
The Tzitzimitl bites you but does no damage.
The Tzitzimitl misses you.
The Tzitzimitl bites you but does no damage.
Gimyanes punches you.
You die...

######)8..≈≈.....8.#
##∩___))..).###..[...
###)....[.).8)# #.8.[..
##.......[....[###.[..).
#⌠.....)....###...###(..
#))..[......# #.))# #...
#⌠..&☼)22○..###...###..[
##...○&1§[....)###[.....
###∩§1@&..).8(# #.8..|.
##∩○11...[.)###"=...(
######.8)..)...[.8.#
#§.....)[=[.)[#
###(...v....###
#....)..._# #_..v...._#
#_......._# #∩.......∩#


You could see Gimyanes (unsilenced), Girem (unsilenced), Ushad (silencing,
unsilenced), a Hell Sentinel (unsilenced), 2 Tzitzimimeh, a Brimstone Fiend
(summoned, unsilenced), a hell beast (summoned) and a shadow demon (summoned,
unsilenced).

Vanquished Creatures
  Khufu (D)
  Asmodeus (D)
  Dispater (D)
  Tiamat (D)
  2 Killer Klowns (D)
  Boris (D)
  Fannar (D)
  Arachne (D)
  Nikola (D)
  A Brimstone Fiend (D)
  An electric golem (D)
  A Hell Sentinel (D)
  3 pandemonium lords (D)
  10 Orb Guardians (D)
  An acid blob (D)
  4 titans (D)
  An ancient champion (D)
  2 Executioners (D)
  Chuck (D)
  12 fire giants (D)
  A revenant (D)
  2 draconian monks (D)
  3 draconian knights (D)
  A quicksilver elemental (D)
  5 ghost moths (D)
  An azure jelly (D)
  5 draconian scorchers (D)
  6 frost giants (D)
  A vault warden (D)
  3 balrugs (D)
  3 draconian annihilators (D)
  5 draconian stormcallers (D)
  An orc warlord (D)
  3 spriggan defenders (D)
  9 stone giants (D)
  2 green draconians (D)
  A quicksilver ooze (D)
  2 formless jellyfish (D)
  7 vampire knights (D)
  2 apis (D)
  An anaconda (D)
  4 lorocyprocas (D)
  A yellow draconian (D)
  A dire elephant (D)
  3 red draconians (D)
  An iron golem (D)
  A green death (D)
  A jiangshi (D)
  2 great orbs of eyes (D)
  4 spriggan air magi (D)
  A catoblepas (D)
  A jorogumo (shapeshifter) (D)
  A centaur warrior (D)
  A boulder beetle (D)
  An anaconda (shapeshifter) (D)
  2 death yaks (D)
  A shock serpent (shapeshifter) (D)
  3 orc high priests (D)
  5 spriggans (D)
  3 spriggan berserkers (D)
  A crystal echidna (D)
  14 skeletal warriors (D)
  2 iron trolls (D)
  11 shadow wraiths (D)
  17 fire crabs (D)
  A mana viper (shapeshifter) (D)
  A death drake (shapeshifter) (D)
  3 spriggan druids (D)
  3 flayed ghosts (D)
  A swamp dragon (D)
  22 orb spiders (D)
  A deep troll (shapeshifter) (D)
  A steelbarb worm (shapeshifter) (D)
  6 orc knights (D)
  A shining eye (shapeshifter) (D)
  A wolf spider (shapeshifter) (D)
  4 shining eyes (D)
  A cyclops (shapeshifter) (D)
  A manticore (D)
  3 moths of wrath (D)
  A glowing shapeshifter (D)
  2 meliai (shapeshifter) (D)
  2 moths of wrath (shapeshifter) (D)
  A water nymph (shapeshifter) (D)
  2 rust devils (D)
  An eye of devastation (shapeshifter) (D)
  An eye of devastation (D)
  A guardian serpent (shapeshifter) (D)
  A hellion (D)
  A rime drake (shapeshifter) (D)
  2 cane toads (D)
  5 unseen horrors (D)
  5 rime drakes (D)
  A komodo dragon (D)
  20 tormentors (D)
  A glass eye (D)
  A tarantella (D)
  A blink frog (D)
  5 hornets (D)
  A dream sheep (shapeshifter) (D)
  A blink frog (shapeshifter) (D)
  5 dream sheep (D)
  9 slime creatures (D)
  A slime creature (shapeshifter) (D)
  A jumping spider (shapeshifter) (D)
  A wraith (D)
  A spriggan (shapeshifter) (D)
  A yak (shapeshifter) (D)
  A basilisk (shapeshifter) (D)
  3 yaks (D)
  A hog (shapeshifter) (D)
  2 redbacks (D)
  A steam dragon (D)
  A vampire mosquito (D)
  18 neqoxecs (D)
  A basilisk (D)
  An acid dragon (D)
  A water moccasin (D)
  A sky beast (shapeshifter) (D)
  7 dwarves (D)
  A laughing skull (D)
  An ice beast (shapeshifter) (D)
  A wolf (D)
  3 phantoms (D)
  4 brain worms (D)
  2 necrophages (D)
  3 earth elementals (D)
  5 scorpions (D)
  A howler monkey (shapeshifter) (D)
  A bombardier beetle (shapeshifter) (D)
  An iron imp (D)
  2 adders (D)
  7 kobolds (D)
  2 ball pythons (D)
  A ball python zombie (D)
  3 fire vortices (D)
394 creatures vanquished.

Vanquished Creatures (collateral kills)
  A pandemonium lord (D)
  A caustic shrike (D)
  3 centaur warriors (D)
  2 ugly things (D)
  A ribbon worm (shapeshifter) (D)
8 creatures vanquished.

Vanquished Creatures (others)
  A pandemonium lord (D)
  An Executioner (D)
  A fire giant (D)
  A fire vortex (D)
4 creatures vanquished.

Grand Total: 406 creatures vanquished

Notes
Turn   | Place    | Note
-------+----------+-------------------------------------------
     0 | D        | BigDaddyOpFi the Hill Orc Fighter began the quest for the
                  | Orb.
     0 | D        | Reached XP level 1. HP: 19/19 MP: 1/1
     1 | D        | Found a roughly hewn altar of Beogh.
     1 | D        | Found a shimmering altar of Xom.
     2 | D        | Found a radiant altar of Vehumet.
     2 | D        | Found a corrupted altar of Lugonu.
     3 | D        | Found a burning altar of Makhleb.
     3 | D        | Found a shadowy altar of Dithmenos.
     4 | D        | Found an ornate altar of the Wu Jian Council.
     4 | D        | Found Gesiust's Staff Store.
     4 | D        | Found Plog's Magic Scroll Shop.
     5 | D        | Found a basalt altar of Yredelemnul.
     5 | D        | Found Beqewiot's Must-Have Magic.
     5 | D        | Found Meoleibb's Magic Scroll Shop.
     5 | D        | Round 1.
    27 | D        | Reached XP level 2. HP: 26/28 MP: 2/2
    28 | D        | Found an opulent altar of Gozag.
    29 | D        | Found a shimmering blue altar of Sif Muna.
    30 | D        | Found a hide-covered altar of Uskayaw.
    40 | D        | Found Lank's Timeless Talismans.
    41 | D        | Found Ryamed Ysoi's Jewellery.
    41 | D        | Found Ceskovy's Advanced Armour.
    42 | D        | Found a glowing silver altar of Zin.
    42 | D        | Found Apufaiwk's Identification Station.
    49 | D        | Bought a clouded tin ring for 45 gold pieces
    49 | D        | Identified the ring of Issext {rPois MP+9 Str+2} (You
                  | bought it in a shop in the Dungeon)
    49 | D        | Bought a clouded copper amulet for 45 gold pieces
    49 | D        | Identified the amulet "Uneehos" {Acrobat Dex+4} (You bought
                  | it in a shop in the Dungeon)
    49 | D        | Bought a clouded carnelian ring for 45 gold pieces
    49 | D        | Identified the ring of Wonoivut {rPois Will+ rCorr} (You
                  | bought it in a shop in the Dungeon)
   102 | D        | Found an iron altar of Okawaru.
   103 | D        | Found a stormy altar of Qazlal.
   104 | D        | Found Ojum's Premium Goods.
   107 | D        | Found Ushed's Miscellaneous Merchandise.
   107 | D        | Found Vuel's Basic Armour.
   108 | D        | Found a glowing golden altar of the Shining One.
   108 | D        | Found a snail-covered altar of Cheibriados.
   108 | D        | Found an ancient bone altar of Kikubaaqudgha.
   108 | D        | Found Met Nim's Weapon Rack.
   112 | D        | Noticed a water moccasin
   115 | D        | Arena points: 5 (+5) [x1]
   130 | D        | Round 2.
   131 | D        | Noticed a scorpion
   132 | D        | Noticed a scorpion
   134 | D        | Killed a scorpion
   134 | D        | Noticed a scorpion
   135 | D        | Reached skill level 5 in Axes
   135 | D        | Reached skill level 5 in Shields
   135 | D        | Reached XP level 3. HP: 30/37 MP: 3/3
   135 | D        | Reached XP level 4. HP: 35/44 MP: 4/4
   135 | D        | Killed a scorpion
   135 | D        | Noticed a scorpion
   136 | D        | Reached XP level 5. HP: 42/52 MP: 5/5
   144 | D        | Reached XP level 6. HP: 47/61 MP: 6/6
   144 | D        | Arena points: 29 (+24) [x2]
   159 | D        | Found a sacrificial altar of Ru.
   204 | D        | Round 3.
   214 | D        | Reached skill level 1 in Dodging
   222 | D        | Reached XP level 7. HP: 56/70 MP: 7/7
   223 | D        | Reached skill level 10 in Axes
   255 | D        | Reached skill level 10 in Fighting
   265 | D        | Arena points: 74 (+45) [x3]
   280 | D        | Round 4.
   287 | D        | Bought a +0 broad axe for 120 gold pieces
   313 | D        | Found a blossoming altar of Fedhas.
   314 | D        | Found a bloodstained altar of Trog.
   314 | D        | Found Satiyzo's Do-It-Yourself Clinic.
   315 | D        | Found Oskuam's Bottled Wisdom.
   315 | D        | Found Taisyaneco's Distillery.
   316 | D        | Found Xaym's Distillery.
   366 | D        | Reached skill level 10 in Armour
   366 | D        | Reached XP level 8. HP: 74/81 MP: 8/8
   397 | D        | Arena points: 186 (+112) [x4]
   417 | D        | Bought a scroll of brand weapon for 95 gold pieces
   462 | D        | Round 5.
   463 | D        | Noticed a giant anaconda
   486 | D        | Killed a giant anaconda
   486 | D        | Arena points: 426 (+240) [x6]
   487 | D        | Reached skill level 15 in Axes
   487 | D        | Got a serpentine rune of Zot
   491 | D        | Reached XP level 9. HP: 12/91 MP: 9/9
   509 | D        | Became a worshipper of Qazlal Stormbringer
   658 | D        | Round 6.
   778 | D        | Reached * piety under Qazlal
   788 | D        | Reached ** piety under Qazlal
   788 | D        | Arena points: 762 (+336) [x7]
   797 | D        | Bought 8 scrolls of enchant weapon for 600 gold pieces
   807 | D        | Bought a scroll of brand weapon for 95 gold pieces
   854 | D        | Round 7.
   876 | D        | Reached skill level 1 in Invocations
   876 | D        | Reached XP level 10. HP: 99/99 MP: 10/10
   943 | D        | Reached *** piety under Qazlal
  1016 | D        | Arena points: 1210 (+448) [x8]
  1017 | D        | Reached skill level 10 in Shields
  1055 | D        | Round 8.
  1063 | D        | Reached **** piety under Qazlal
  1064 | D        | Reached skill level 5 in Invocations
  1067 | D        | Bought a +0 plate armour for 276 gold pieces
  1111 | D        | Noticed a swamp dragon
  1114 | D        | Reached skill level 5 in Dodging
  1118 | D        | Killed a swamp dragon
  1125 | D        | Reached ***** piety under Qazlal
  1182 | D        | Arena points: 1930 (+720) [x9]
  1207 | D        | Round 9.
  1218 | D        | Bought a spiked tower shield for 332 gold pieces
  1218 | D        | Identified the +8 tower shield of Lethargy {rElec Regen+
                  | Dex-3 SInv} (You bought it in a shop in the Dungeon)
  1227 | D        | Noticed a rust devil
  1237 | D        | Killed a rust devil
  1238 | D        | Noticed a rust devil
  1243 | D        | Noticed a boulder beetle
  1249 | D        | Killed a rust devil
  1250 | D        | Reached skill level 10 in Invocations
  1250 | D        | Reached XP level 11. HP: 110/110 MP: 18/18
  1255 | D        | Killed a boulder beetle
  1255 | D        | Reached ****** piety under Qazlal
  1261 | D        | Arena points: 2650 (+720) [x10]
  1273 | D        | Bought an encrusted cloak for 332 gold pieces
  1273 | D        | Identified the +0 cloak "Ticul" {Str+2} (You bought it in a
                  | shop in the Dungeon)
  1276 | D        | Round 10.
  1310 | D        | Noticed Arachne
  1319 | D        | Noticed an orb spider
  1321 | D        | Noticed a ghost moth
  1331 | D        | Killed a ghost moth
  1338 | D        | Noticed an orb spider
  1339 | D        | Killed Arachne
  1339 | D        | Arena points: 3850 (+1200) [x12]
  1340 | D        | Reached skill level 15 in Fighting
  1342 | D        | Got a gossamer rune of Zot
  1343 | D        | Reached XP level 12. HP: 57/121 MP: 2/22
  1412 | D        | Bought a coiled steel ring for 45 gold pieces
  1412 | D        | Identified the ring of Pyddorux {Ice rPois Str-2 Dex+3}
                  | (You bought it in a shop in the Dungeon)
  1546 | D        | Round 11.
  1596 | D        | Noticed a dire elephant
  1612 | D        | Killed a dire elephant
  1678 | D        | Arena points: 5280 (+1430) [x13]
  1697 | D        | Bought a +0 crystal plate armour for 960 gold pieces
  1735 | D        | Round 12.
  1798 | D        | Reached skill level 15 in Invocations
  1821 | D        | Reached XP level 13. HP: 128/128 MP: 24/24
  1859 | D        | Arena points: 7464 (+2184) [x14]
  1894 | D        | Bought a warped helmet for 332 gold pieces
  1894 | D        | Identified the +2 helmet of Raluzxur {^Drain rPois rN++
                  | Will+} (You bought it in a shop in the Dungeon)
  1894 | D        | Bought a pair of shimmering boots for 332 gold pieces
  1894 | D        | Identified the +0 pair of boots of the Shining Light {rN+++
                  | Regen+ rCorr Str-4} (You bought it in a shop in the
                  | Dungeon)
  1935 | D        | Round 13.
  2070 | D        | Arena points: 9609 (+2145) [x15]
  2076 | D        | Bought 4 scrolls of enchant armour for 300 gold pieces
  2076 | D        | Bought 4 scrolls of enchant armour for 300 gold pieces
  2110 | D        | Round 14.
  2131 | D        | Reached skill level 15 in Armour
  2259 | D        | Arena points: 12521 (+2912) [x16]
  2299 | D        | Bought a vibrating ivory amulet for 45 gold pieces
  2299 | D        | Identified the amulet "Pyirr" {RegenMP Int+4 Dex+3} (You
                  | bought it in a shop in the Dungeon)
  2299 | D        | Bought a glittering golden ring for 45 gold pieces
  2299 | D        | Identified the ring "Ohuodimy" {Wiz Dex+3} (You bought it
                  | in a shop in the Dungeon)
  2299 | D        | Bought a crude graven amulet for 45 gold pieces
  2299 | D        | Identified the amulet of Ajefoti {RegenMP SInv} (You bought
                  | it in a shop in the Dungeon)
  2299 | D        | Bought a heavily runed iron ring for 45 gold pieces
  2299 | D        | Identified the ring of Xorodit {rElec rPois rF+} (You
                  | bought it in a shop in the Dungeon)
  2307 | D        | Round 15.
  2308 | D        | Noticed Fannar
  2333 | D        | Killed Fannar
  2333 | D        | Identified the ring "Nucurgho" {rF+ rN+ AC+4} (You found it
                  | in the Dungeon)
  2333 | D        | Arena points: 15491 (+2970) [x18]
  2334 | D        | Reached skill level 10 in Dodging
  2334 | D        | Reached skill level 15 in Shields
  2339 | D        | Got an elven rune of Zot
  2340 | D        | Reached XP level 14. HP: 143/143 MP: 26/27
  2360 | D        | Bought 3 potions of heal wounds for 105 gold pieces
  2360 | D        | Bought 3 potions of heal wounds for 105 gold pieces
  2360 | D        | Bought 3 potions of heal wounds for 105 gold pieces
  2368 | D        | Bought 5 potions of berserk rage for 175 gold pieces
  2368 | D        | Bought 2 potions of mutation for 112 gold pieces
  2368 | D        | Bought 6 potions of might for 168 gold pieces
  2368 | D        | Gained mutation: You are clumsy. (Dex -2) [potion of
                  | mutation]
  2369 | D        | Lost mutation: You are clumsy. (Dex -2) [potion of
                  | mutation]
  2369 | D        | Gained mutation: You have a pair of small antennae on your
                  | head. [potion of mutation]
  2369 | D        | Gained mutation: You are resistant to electric shocks.
                  | (rElec) [potion of mutation]
  2372 | D        | Bought 6 potions of might for 168 gold pieces
  2372 | D        | Bought a potion of heal wounds for 35 gold pieces
  2553 | D        | Round 16.
  2555 | D        | Noticed an apis
  2566 | D        | Killed an apis
  2571 | D        | Noticed an apis
  2583 | D        | Killed an apis
  2647 | D        | Reached XP level 15. HP: 147/150 MP: 29/29
  2675 | D        | Arena points: 19139 (+3648) [x19]
  2699 | D        | Bought a pair of dazzling boots for 332 gold pieces
  2699 | D        | Identified the +0 pair of boots of Beogh's Inspiration
                  | {MP+9 Slay+3} (You bought it in a shop in the Dungeon)
  2712 | D        | Bought a pair of buzzing gloves for 332 gold pieces
  2712 | D        | Identified the +2 pair of gloves "Tunigaer" {rPois rC+
                  | Will+} (You bought it in a shop in the Dungeon)
  2752 | D        | Round 17.
  2752 | D        | Noticed Nikola
  2761 | D        | Killed Nikola
  2764 | D        | Arena points: 22879 (+3740) [x20]
  2805 | D        | Bought 2 potions of experience for 600 gold pieces
  2805 | D        | Reached XP level 16. HP: 160/160 MP: 30/30
  2806 | D        | Reached XP level 17. HP: 168/168 MP: 31/31
  2816 | D        | Bought 2 potions of mutation for 112 gold pieces
  2816 | D        | Lost mutation: You have a pair of small antennae on your
                  | head. [potion of mutation]
  2816 | D        | Lost mutation: You are resistant to electric shocks.
                  | (rElec) [potion of mutation]
  2816 | D        | Gained mutation: You are weak. (Str -2) [potion of
                  | mutation]
  2816 | D        | Gained mutation: Armour fits poorly on your strangely
                  | shaped body. [potion of mutation]
  2816 | D        | Gained mutation: You possess an exceptional clarity of
                  | mind. [potion of mutation]
  2816 | D        | Gained mutation: You have a pair of small horns on your
                  | head. [potion of mutation]
  2817 | D        | Lost mutation: Armour fits poorly on your strangely shaped
                  | body. [potion of mutation]
  2817 | D        | Lost mutation: You possess an exceptional clarity of mind.
                  | [potion of mutation]
  2817 | D        | Lost mutation: You are weak. (Str -2) [potion of mutation]
  2817 | D        | Gained mutation: You are vulnerable to heat. (rF-) [potion
                  | of mutation]
  2817 | D        | Gained mutation: You are agile. (Dex +4, Str/Int -1)
                  | [potion of mutation]
  2831 | D        | Round 18.
  2960 | D        | Reached skill level 1 in Throwing
  2964 | D        | Arena points: 28549 (+5670) [x21]
  2975 | D        | Bought 4 scrolls of blinking for 300 gold pieces
  2975 | D        | Bought 3 scrolls of blinking for 225 gold pieces
  2979 | D        | Bought 4 scrolls of enchant armour for 300 gold pieces
  2983 | D        | Bought 4 scrolls of enchant armour for 300 gold pieces
  3018 | D        | Round 19.
  3059 | D        | Gained mutation: Your body sometimes deteriorates upon
                  | taking damage. [a shining eye]
  3134 | D        | Reached skill level 5 in Throwing
  3151 | D        | Arena points: 36073 (+7524) [x22]
  3211 | D        | Round 20.
  3220 | D        | Noticed Mara
  3249 | D        | Noticed BigDaddyOpFi's illusion
  3252 | D        | Arena points: 42313 (+6240) [x24]
  3256 | D        | Got a silver rune of Zot
  3257 | D        | Reached XP level 18. HP: 179/179 MP: 33/33
  3272 | D        | Bought a pitted bronze ring for 45 gold pieces
  3272 | D        | Identified the ring of the Everdark {Fire +Blink rCorr
                  | MP+9} (You bought it in a shop in the Dungeon)
  3272 | D        | Bought a pitted glass ring for 45 gold pieces
  3272 | D        | Identified the ring "Ceykhluomp" {Ice rCorr} (You bought it
                  | in a shop in the Dungeon)
  3272 | D        | Bought a wavering sapphire amulet for 45 gold pieces
  3272 | D        | Identified the amulet of Daot {Harm rPois Regen+ MP+9} (You
                  | bought it in a shop in the Dungeon)
  3272 | D        | Bought a sparkling lead ring for 45 gold pieces
  3272 | D        | Identified the ring of Eschorish {rElec rF+ MP+9 Str+6}
                  | (You bought it in a shop in the Dungeon)
  3272 | D        | Bought a smoking amber ring for 45 gold pieces
  3272 | D        | Identified the ring "Kavastre" {rN+ rCorr SInv} (You bought
                  | it in a shop in the Dungeon)
  3272 | D        | Bought a slimy turquoise ring for 45 gold pieces
  3272 | D        | Identified the ring of Dotepnutt {rPois rC+ Int+6} (You
                  | bought it in a shop in the Dungeon)
  3445 | D        | Round 21.
  3515 | D        | Arena points: 51763 (+9450) [x25]
  3537 | D        | Round 22.
  3558 | D        | Paralysed by a vampire knight for 3 turns
  3609 | D        | Reached skill level 10 in Throwing
  3620 | D        | Noticed Boris
  3635 | D        | Killed Boris
  3657 | D        | Bought 8 scrolls of enchant weapon for 600 gold pieces
  3696 | D        | Arena points: 61487 (+9724) [x26]
  3717 | D        | Bought 5 scrolls of blinking for 375 gold pieces
  3718 | D        | Round 23.
  3739 | D        | Bought 6 potions of resistance for 420 gold pieces
  3739 | D        | Bought 3 potions of haste for 210 gold pieces
  3740 | D        | Bought a potion of lignification for 21 gold pieces
  3746 | D        | Bought 3 potions of experience for 900 gold pieces
  3746 | D        | Reached XP level 19. HP: 191/191 MP: 34/34
  3747 | D        | Reached XP level 20. HP: 200/200 MP: 35/35
  3748 | D        | Reached XP level 21. HP: 207/207 MP: 36/36
  3751 | D        | Bought 4 potions of curing for 84 gold pieces
  3751 | D        | Bought 4 potions of curing for 84 gold pieces
  3751 | D        | Bought 4 potions of curing for 84 gold pieces
  3751 | D        | Bought 3 potions of heal wounds for 105 gold pieces
  3751 | D        | Bought 3 potions of heal wounds for 105 gold pieces
  3828 | D        | Reached XP level 22. HP: 216/216 MP: 37/37
  3867 | D        | Arena points: 73907 (+12420) [x27]
  3904 | D        | Round 24.
  4009 | D        | Noticed Chuck
  4019 | D        | Killed Chuck
  4019 | D        | Arena points: 84659 (+10752) [x28]
  4054 | D        | Bought a twitching wooden ring for 45 gold pieces
  4054 | D        | Identified the ring of Karph {Ice +Blink Str+6 Int+2 Dex-5}
                  | (You bought it in a shop in the Dungeon)
  4054 | D        | Bought a twitching amber ring for 45 gold pieces
  4054 | D        | Identified the ring "Riuce" {Wiz rPois rC+ Will+ Dex-2}
                  | (You bought it in a shop in the Dungeon)
  4054 | D        | Bought a twitching tin ring for 45 gold pieces
  4054 | D        | Identified the ring of Uhaoseh {MP+9 Int+2 Dex+2} (You
                  | bought it in a shop in the Dungeon)
  4075 | D        | Round 25.
  4105 | D        | Reached skill level 15 in Dodging
  4117 | D        | Gained mutation: Your spells are a little easier to cast,
                  | but a little less powerful. [a shining eye]
  4129 | D        | Gained mutation: You occasionally lose the ability to read
                  | scrolls when taking damage. [a shining eye]
  4137 | D        | Arena points: 95909 (+11250) [x30]
  4138 | D        | Reached skill level 15 in Throwing
  4141 | D        | Got a slimy rune of Zot
  4142 | D        | Reached XP level 23. HP: 228/228 MP: 38/38
  4325 | D        | Round 26.
  4389 | D        | Reached skill level 27 in Axes
  4469 | D        | Arena points: 108805 (+12896) [x31]
  4487 | D        | Bought 3 potions of experience for 900 gold pieces
  4487 | D        | Bought a potion of experience for 300 gold pieces
  4487 | D        | Bought a potion of experience for 300 gold pieces
  4487 | D        | Reached XP level 24. HP: 240/240 MP: 38/38
  4488 | D        | Reached XP level 25. HP: 247/247 MP: 38/38
  4489 | D        | Reached XP level 26. HP: 257/257 MP: 38/38
  4490 | D        | Reached XP level 27. HP: 266/266 MP: 38/38
  4506 | D        | Bought 3 potions of mutation for 168 gold pieces
  4506 | D        | Bought 2 potions of mutation for 112 gold pieces
  4506 | D        | Lost mutation: Your body sometimes deteriorates upon taking
                  | damage. [potion of mutation]
  4506 | D        | Lost mutation: Your spells are a little easier to cast, but
                  | a little less powerful. [potion of mutation]
  4506 | D        | Lost mutation: You occasionally lose the ability to read
                  | scrolls when taking damage. [potion of mutation]
  4506 | D        | Gained mutation: You are vulnerable to cold. (rC-) [potion
                  | of mutation]
  4507 | D        | Lost mutation: You are agile. (Dex +4, Str/Int -1) [potion
                  | of mutation]
  4507 | D        | Lost mutation: You have a pair of small horns on your head.
                  | [potion of mutation]
  4507 | D        | Lost mutation: You are vulnerable to cold. (rC-) [potion of
                  | mutation]
  4507 | D        | Gained mutation: You sometimes lose your temper in combat.
                  | [potion of mutation]
  4507 | D        | Gained mutation: Your flesh is cold resistant. (rC+)
                  | [potion of mutation]
  4508 | D        | Lost mutation: You are vulnerable to heat. (rF-) [potion of
                  | mutation]
  4508 | D        | Lost mutation: You sometimes lose your temper in combat.
                  | [potion of mutation]
  4508 | D        | Gained mutation: You are somewhat resistant to further
                  | mutation. [potion of mutation]
  4508 | D        | Gained mutation: You are covered in fur. (AC +1) [potion of
                  | mutation]
  4512 | D        | Round 27.
  4664 | D        | Found the +4 dragonskin cloak
  4664 | D        | Noticed Tiamat
  4685 | D        | Killed Tiamat
  4685 | D        | Arena points: 122629 (+13824) [x32]
  4723 | D        | Bought a crude hat for 315 gold pieces
  4723 | D        | Identified the +1 hat of the Exiled Mystics {+Inv Str+2}
                  | (You bought it in a shop in the Dungeon)
  4882 | D        | Round 28.
  4941 | D        | Gained mutation: You sometimes lose your temper in combat.
                  | [a neqoxec]
  4978 | D        | Gained mutation: You occasionally lose the ability to drink
                  | potions when taking damage. [a neqoxec]
  4994 | D        | Gained mutation: You are clumsy. (Dex -2) [a neqoxec]
  5009 | D        | Arena points: 140185 (+17556) [x33]
  5032 | D        | Bought a pair of encrusted gloves for 332 gold pieces
  5032 | D        | Identified the +0 pair of gloves of the Armoured One
                  | {Stlth+} (You bought it in a shop in the Dungeon)
  5052 | D        | Bought 5 scrolls of blinking for 375 gold pieces
  5052 | D        | Bought 4 scrolls of blinking for 300 gold pieces
  5052 | D        | Bought 3 scrolls of blinking for 225 gold pieces
  5063 | D        | Round 29.
  5074 | D        | Bought 6 potions of magic for 336 gold pieces
  5074 | D        | Bought 6 potions of resistance for 420 gold pieces
  5074 | D        | Bought 5 potions of haste for 350 gold pieces
  5074 | D        | Bought 4 potions of haste for 280 gold pieces
  5074 | D        | Bought 5 potions of berserk rage for 175 gold pieces
  5074 | D        | Bought 5 potions of berserk rage for 175 gold pieces
  5076 | D        | Bought 2 potions of curing for 42 gold pieces
  5076 | D        | Bought 6 potions of resistance for 420 gold pieces
  5105 | D        | Reached skill level 27 in Invocations
  5192 | D        | Reached skill level 27 in Fighting
  5219 | D        | Arena points: 157933 (+17748) [x34]
  5259 | D        | Round 30.
  5297 | D        | Noticed Dispater
  5319 | D        | Killed Dispater
  5319 | D        | Identified the amulet of Uwuim {+Blink Regen+ Dex+3} (You
                  | found it in the Dungeon)
  5319 | D        | Arena points: 175213 (+17280) [x36]
  5329 | D        | Got an iron rune of Zot
  5330 | D        | Reached skill level 5 in Evocations
  5483 | D        | Round 31.
  5639 | D        | Arena points: 175833 (+620) [x1]
  5654 | D        | Round 32.
  5683 | D        | Reached skill level 10 in Evocations
  5702 | D        | Arena points: 177369 (+1536) [x2]
  5746 | D        | Round 33.
  5759 | D        | Noticed Khufu
  5785 | D        | Killed Khufu
  5785 | D        | Identified the ring "Musira" {rPois AC+4 Str+2 Int-5 SInv}
                  | (You found it in the Dungeon)
  5785 | D        | Arena points: 179613 (+2244) [x4]
  5788 | D        | Got a golden rune of Zot
  5991 | D        | Round 34.
  6015 | D        | Reached skill level 27 in Armour
  6037 | D        | Reached skill level 15 in Evocations
  6064 | D        | Reached skill level 27 in Shields
  6064 | D        | Lost mutation: You are somewhat resistant to further
                  | mutation. [potion of mutation]
  6064 | D        | Lost mutation: You are covered in fur. (AC +1) [potion of
                  | mutation]
  6064 | D        | Gained mutation: You are partially covered in large bone
                  | plates. (SH +4) [potion of mutation]
  6065 | D        | Lost mutation: You are clumsy. (Dex -2) [potion of
                  | mutation]
  6065 | D        | Lost mutation: You sometimes lose your temper in combat.
                  | [potion of mutation]
  6065 | D        | Lost mutation: You are partially covered in large bone
                  | plates. (SH +4) [potion of mutation]
  6065 | D        | Gained mutation: You are robust. (+10% HP) [potion of
                  | mutation]
  6170 | D        | Arena points: 183863 (+4250) [x5]
  6208 | D        | Round 35.
  6248 | D        | Bought 3 potions of mutation for 168 gold pieces
  6248 | D        | Bought a potion of mutation for 56 gold pieces
  6248 | D        | Lost mutation: You occasionally lose the ability to drink
                  | potions when taking damage. [potion of mutation]
  6248 | D        | Lost mutation: You are robust. (+10% HP) [potion of
                  | mutation]
  6248 | D        | Gained mutation: Your spells are a little harder to cast,
                  | but a little more powerful. [potion of mutation]
  6248 | D        | Gained mutation: You are frail. (-10% HP) [potion of
                  | mutation]
  6249 | D        | Lost mutation: Your spells are a little harder to cast, but
                  | a little more powerful. [potion of mutation]
  6249 | D        | Lost mutation: You are frail. (-10% HP) [potion of
                  | mutation]
  6249 | D        | Lost mutation: Your flesh is cold resistant. (rC+) [potion
                  | of mutation]
  6249 | D        | Gained mutation: You have sharp fingernails. [potion of
                  | mutation]
  6249 | D        | Gained mutation: You possess an exceptional clarity of
                  | mind. [potion of mutation]
  6378 | D        | Arena points: 187853 (+3990) [x6]
  6411 | D        | Bought 4 potions of curing for 84 gold pieces
  6411 | D        | Bought 4 potions of curing for 84 gold pieces
  6411 | D        | Bought 3 potions of heal wounds for 105 gold pieces
  6411 | D        | Bought 3 potions of heal wounds for 105 gold pieces
  6411 | D        | Bought 3 potions of heal wounds for 105 gold pieces
  6411 | D        | Bought 3 potions of heal wounds for 105 gold pieces
  6412 | D        | Round 36.
  6436 | D        | Found the +13 sceptre of Asmodeus
  6436 | D        | Noticed Asmodeus
  6479 | D        | Killed Asmodeus
  6479 | D        | Arena points: 193037 (+5184) [x8]
  6480 | D        | Got an obsidian rune of Zot
  6508 | D        | Bought 3 potions of heal wounds for 105 gold pieces
  6508 | D        | Bought 3 potions of heal wounds for 105 gold pieces
  6508 | D        | Bought 3 potions of heal wounds for 105 gold pieces
  6523 | D        | Bought 5 potions of heal wounds for 500 gold pieces
  6523 | D        | Bought 5 potions of heal wounds for 500 gold pieces
  6525 | D        | Bought a potion of mutation for 120 gold pieces
  6525 | D        | Bought a +4 ring of slaying for 1170 gold pieces
  6525 | D        | Bought a potion of berserk rage for 75 gold pieces
  6666 | D        | Round 37.
  6674 | D        | Noticed Heijuw the pandemonium lord
  6688 | D        | Killed Heijuw the pandemonium lord
  6716 | D        | Noticed Amisyatz the pandemonium lord
  6724 | D        | Killed Amisyatz the pandemonium lord
  6730 | D        | Noticed Qophoeb the pandemonium lord
  6740 | D        | Killed Qophoeb the pandemonium lord
  6763 | D        | Noticed Bilot the pandemonium lord
  6766 | D        | Killed Bilot the pandemonium lord
  6779 | D        | Noticed Riveopij the pandemonium lord
  6785 | D        | Noticed Girem the pandemonium lord
  6785 | D        | Noticed Ushad the pandemonium lord
  6786 | D        | Noticed Gimyanes the pandemonium lord
  6796 | D        | Killed Riveopij the pandemonium lord
  6798 | D        | Reached skill level 27 in Evocations
  6802 | D        | HP: 13/273 [Tzitzimitl[Ushad] (7)]
  6802 | D        | HP: 3/273 [Tzitzimitl[Ushad] (7)]
  6803 | D        | Slain by Gimyanes the pandemonium lord

Illustrated notes

Levels and vault maps discovered:
D:        arena_sprint

Skill      XL: |  1  2  3  4  5  6  7  8  9 10 11 12 13 14 15 16 17 18 19 20 21 22 23 24 25 26 27 |
---------------+----------------------------------------------------------------------------------+-----
Fighting       | 4 6 7 8 9 10 12 14 15 16 18 19 20 21 22 23 24 25 27 | 27.0
Axes           | 3 5 6 7 9 12 15 16 17 18 19 21 22 23 24 25 26 27 | 27.0
Armour         | 4 6 7 8 9 10 12 13 14 15 16 17 18 19 20 21 22 27 | 27.0
Shields        | 5 6 7 8 9 11 12 13 15 16 17 18 19 20 21 27 | 27.0
Dodging        | 1 3 5 7 8 10 11 12 13 14 15 16 24 | 24.5
Invocations    | 1 10 13 15 19 20 21 22 23 27 | 27.0
Throwing       | 6 11 12 15 17 | 17.1
Evocations     | 27 | 27.0
Stealth        | |  0.4

Action                     |  1- 3 |  4- 6 |  7- 9 | 10-12 | 13-15 | 16-18 | 19-21 | 22-24 | 25-27 || total
---------------------------+-------+-------+-------+-------+-------+-------+-------+-------+-------++-------
  Melee: War axe           |    28 |    17 |     6 |       |       |       |       |       |       ||    51
         Broad axe         |       |       |    50 |   145 |   132 |   192 |    32 |   165 |   523 ||  1239
         Headbutt          |       |       |       |       |       |    73 |    10 |    85 |       ||   168
  Throw: Dart              |       |       |       |       |       |       |       |     4 |       ||     4
 Invoke: Disaster Area     |       |       |       |     1 |     2 |     1 |       |     1 |    15 ||    20
         Upheaval          |       |       |       |     1 |       |       |       |       |     7 ||     8
         Elemental Force   |       |       |       |       |     2 |       |       |       |     5 ||     7
Ability: Evoke Damnation   |       |       |       |       |       |       |       |       |     1 ||     1
  Evoke: Wand              |       |       |     5 |       |       |       |       |       |       ||     5
    Use: Potion            |     1 |       |     4 |     3 |     5 |     5 |     2 |     3 |    41 ||    64
         Scroll            |       |       |    10 |       |     8 |    14 |       |       |     4 ||    36
   Stab: Confused          |       |       |       |     1 |       |       |       |       |       ||     1
         Paralysed         |       |       |       |       |     7 |       |       |       |     7 ||    14
         Distracted        |       |       |       |       |       |       |       |       |     4 ||     4
 Armour: Scale mail        |    21 |    10 |    34 |     3 |       |       |       |       |       ||    68
         Plate armour      |       |       |       |    26 |       |       |       |       |       ||    26
         Crystal plate arm |       |       |       |     2 |    22 |    36 |     3 |    53 |   281 ||   397
  Dodge: Dodged            |    29 |    11 |    19 |    16 |     1 |    30 |     6 |    21 |   164 ||   297
         Repelled          |       |       |       |     4 |       |     6 |       |     2 |    18 ||    30
  Block: Buckler           |    10 |     5 |    12 |    14 |       |       |       |       |       ||    41
         Tower shield      |       |       |       |   115 |    85 |   242 |    23 |   121 |   567 ||  1153
         Other             |       |       |       |       |       |       |       |       |     1 ||     1
